 Dungeon Crawl Stone Soup version 0.31-a0-331-geda263fcf1 (webtiles) character file.

Game seed: 11517550515915506124

5184 LeprechaunX the Changeling (level 10, 0/69 HPs)
             Began as an Octopode Shapeshifter on July 19, 2023.
             Was a Priest of Cheibriados.
             Slain by a komodo dragon (10 damage)
             ... on level 8 of the Dungeon.
             The game lasted 00:16:22 (7296 turns).

LeprechaunX the Changeling (Octopode Shapeshifter)  Turns: 7296, Time: 00:16:22

Health: 0/69       AC:  7    Str: 23    XL:     10   Next: 60%
Magic:  13/13      EV: 18    Int: 22    God:    Cheibriados [***...]
Gold:   454        SH:  0    Dex: 24    Spells: 9/9 levels left

rFire   + . .        j - +7 mace "Muom" {elec, rPois Dex+2 SInv}
rCold   . . .        (no shield)
rNeg    . . .        (helmet currently unavailable)
rPois   +            u - amulet of the acrobat
rElec   .            c - +6 ring of intelligence
rCorr   .            l - ring of protection from fire
SInv    +            B - +4 ring of protection
Will    .....        (no ring)
Stlth   +++          (no ring)
HPRegen 0.31/turn    (no ring)
MPRegen 0.13/turn    (no ring)
                     (no ring)

%: acrobat
@: brilliant, beast-form, marked, invisible, very slow
A: beast (slay +5), almost no armour, amphibious, 8 rings, camouflage 1,
gelatinous body 1, (nimble swimmer 1), tentacles, tentacle spike 1, iridescent
scales 1, dopey 1
a: Begin Untransformation, Renounce Religion, Bend Time, Temporal Distortion


You were on level 8 of the Dungeon.
You worshipped Cheibriados.
Cheibriados was most pleased with you.
You were a hulking beast.
You visited 2 branches of the dungeon, and saw 9 of its levels.
You also visited: Sewer and Bailey.

You collected 454 gold pieces.

Inventory:

Hand Weapons
 j - the +7 mace "Muom" (weapon) {elec, rPois Dex+2 SInv}
   (You found it on level 2 of the Dungeon)

   Dex:       It affects your dexterity (+2).
   rPois:     It protects you from poison.
   SInv:      It lets you see invisible.
Missiles
 v - 3 throwing nets
 y - 3 javelins (quivered)
Jewellery
 c - a +6 ring of intelligence (left tentacle)
 l - a ring of protection from fire (right tentacle)
 u - an amulet of the acrobat (around mantle)
 B - a +4 ring of protection (on tentacle)
Talismans
 b - a beast talisman
Wands
 p - a wand of flame (38)
 z - a wand of polymorph (13)
 A - a wand of mindburst (11)
Scrolls
 e - 3 scrolls of poison {unknown}
 f - a scroll of fog {unknown}
 g - 10 scrolls of identify {unknown}
 h - 8 scrolls of teleportation {unknown}
 n - a scroll of immolation {unknown}
 o - a scroll of vulnerability {unknown}
 q - 2 scrolls of noise {unknown}
 r - 3 scrolls of blinking {unknown}
 t - 2 scrolls of fear {unknown}
 w - a scroll of revelation {unknown}
 F - a scroll of amnesia {unknown}
Potions
 a - a potion of lignification
 d - 2 potions of brilliance
 i - a potion of berserk rage {unknown}
 k - 3 potions of haste
 m - a potion of mutation
 s - a potion of invisibility
 x - a potion of attraction {unknown}
 C - a potion of heal wounds {unknown}
 D - a potion of might {unknown}
 E - 2 potions of ambrosia {unknown}
 G - a potion of magic {unknown}


   Skills:
 + Level 6.4 Fighting
 + Level 5.8 Maces & Flails
 + Level 6.3 Dodging
 + Level 6.4 Unarmed Combat
 + Level 4.3 Invocations
 * Level 7.8 Shapeshifting


You had 9 spell levels left.
You didn't know any spells.
Your spell library contained the following spells:

 Spells                   Type           Power      Damage    Failure   Level
 Slow                     Hex            0%         N/A       17%         1
 Confusing Touch          Hex            0%         N/A       45%         3
 Vampiric Draining        Necr           0%         2d6       45%         3


Dungeon Overview and Level Annotations

Branches:
Dungeon (8/15)             Temple (1/1) D:4           Sewer (visited)
 Bailey (visited)
   Lair: D:8-11

Altars:
Ashenzari
Cheibriados
Dithmenos
Elyvilon
Fedhas
Gozag
Hepliaklqana
Makhleb
Nemelex Xobeh
Okawaru
Qazlal
Ru
Sif Muna
Trog
Vehumet
Wu Jian
Xom
Yredelemnul
Zin
The Shining One

Annotations:
D:7 1 runed translucent door, Crazy Yiuf


Innate Abilities, Weirdness & Mutations

You are a hulking beast.
Your limbs bulge with bestial killing power. (Slay +5)
You cannot wear most types of armour.
You are amphibious.
You can wear up to eight rings at the same time.
Your skin changes colour to match your surroundings (Stealth+).
Your rubbery body absorbs attacks. (AC +1, EV +1)
((You are camouflaged when in or above water. (Stealth+)))
You have tentacles for arms and can constrict up to eight enemies at once.
One of your tentacles bears a spike.
You are partially covered in iridescent scales. (AC +2)
You are dopey. (Int -2)


Message History

A red ugly thing and a two-headed ogre come into view.
The unseen horror completely misses you.
A bullfrog comes into view.
The centaur warrior moves out of view.
You sock the unseen horror! Your grab misses the unseen horror.
The unseen horror is moderately wounded.
The unseen horror completely misses you.
A bullfrog comes into view.
A steam dragon comes into view.
The unseen horror completely misses you.
The centaur warrior wields a +0 shortbow.
The centaur warrior shoots an arrow.
The arrow hits you!
The unseen horror completely misses you. x2
The centaur warrior shoots an arrow.
The arrow hits you!!
The unseen horror completely misses you.
The unseen horror closely misses you.
The centaur warrior shoots an arrow.
The arrow hits you. The unseen horror closely misses you.
The komodo dragon attacks as you move away!
The komodo dragon barely misses you. The unseen horror misses you.
The unseen horror hits you.
The centaur warrior shoots an arrow.
The arrow hits the unseen horror!!
The unseen horror completely misses you.
The centaur warrior shoots an arrow.
The arrow hits the unseen horror!
The unseen horror dies!
An ice beast comes into view.
The komodo dragon bites you!!
* * * LOW HITPOINT WARNING * * *
A bullfrog comes into view.
It was a potion of brilliance.
You feel clever all of a sudden. The komodo dragon barely misses you.
It was a potion of mutation.
You feel extremely strange.
One of your lower tentacles grows a sharp spike.
You feel stupid.
Iridescent scales grow over part of your body.
The komodo dragon completely misses you.
A four-headed hydra comes into view.
It was a potion of invisibility.
You fade into invisibility!
The komodo dragon bites you!
You die...

#..........<## #.#.#.##
.......#...##### ###.#...#
..............)###......##
......................####
.........#####......###..#
###...............###....#
##...##..##...###..#####
##....##....###....)..[#
#.....##..##'.h#########...
##.#.........###lOuFFYC$C.#.
#.....#.#..#...###cc####...D
#.....#..........###D.D...#.
#......####...#....###..#...
#....#..# #..)..#... ##
#....##.###....## ##
#....##........##.
#....##<.........ยง.


You could see a four-headed hydra (unable to see you), a red ugly thing (unable
to see you), a centaur warrior (unable to see you), a two-headed ogre (unable to
see you), a cyclops (unable to see you), a komodo dragon (unable to see you), a
steam dragon (unable to see you), an ice beast (unable to see you), 2 bullfrogs
and a centaur (unable to see you).

Vanquished Creatures
  Erica (D:8)
  2 orc knights (Bailey)
  Maurice (D:8)
  2 steam dragons (D:6)
  Grum (D:8)
  Duvessa (D:5)
  2 water moccasins
  Pargi (Sewer)
  5 orc warriors
  2 ice beasts
  3 wolves (D:8)
  3 phantoms
  A kobold brigand (D:8)
  A bullfrog (D:7)
  2 scorpions
  2 gnoll sergeants
  Dowan (D:5)
  4 killer bees (D:7)
  A howler monkey (D:6)
  3 jellies
  An orc priest (D:7)
  6 hounds
  3 orc wizards (D:7)
  An iguana (D:7)
  13 gnolls
  8 adders
  3 white imps
  An ufetubus (D:4)
  6 worms
  3 dart slugs (D:3)
  27 orcs
  9 endoplasms
  3 giant cockroaches
  9 goblins
  7 hobgoblins
  5 jackals
  10 quokkas
  5 ball pythons
  2 bats
  6 frilled lizards
  11 kobolds
  3 rats
181 creatures vanquished.

Vanquished Creatures (others)
  An unseen horror (D:8)
1 creature vanquished.

Grand Total: 182 creatures vanquished

Notes
Turn   | Place    | Note
-------+----------+-------------------------------------------
     0 | D:1      | LeprechaunX the Octopode Shapeshifter began the quest for
                  | the Orb.
     0 | D:1      | Reached XP level 1. HP: 14/14 MP: 1/1
   170 | D:1      | Reached XP level 2. HP: 15/19 MP: 2/2
   994 | D:2      | Reached XP level 3. HP: 19/24 MP: 3/3
  1202 | D:2      | Identified the +7 mace "Muom" {elec, rPois Dex+2 SInv}
  1587 | D:2      | You fall into a shaft and drop 1 floor!
  1639 | D:3      | Reached XP level 4. HP: 4/30 MP: 4/4
  1678 | D:3      | Found a sacrificial altar of Ru.
  1810 | D:3      | Found a glowing drain.
  1833 | Sewer    | Entered a sewer
  1880 | Sewer    | Noticed Pargi
  1886 | Sewer    | Killed Pargi
  1887 | Sewer    | Reached skill level 1 in Maces & Flails
  1887 | Sewer    | Reached XP level 5. HP: 7/35 MP: 5/5
  2694 | D:4      | Reached skill level 4 in Shapeshifting
  2861 | D:4      | Reached XP level 6. HP: 41/41 MP: 6/6
  3016 | D:4      | Found a staircase to the Ecumenical Temple.
  3417 | D:4      | Found a bloodstained altar of Trog.
  3862 | Temple   | Entered the Ecumenical Temple
  3878 | Temple   | Became a worshipper of Cheibriados the Contemplative
  3919 | D:5      | Entered Level 5 of the Dungeon
  4019 | D:5      | Noticed Dowan
  4021 | D:5      | Noticed Duvessa
  4048 | D:5      | Killed Dowan
  4051 | D:5      | Killed Duvessa
  4052 | D:5      | Reached XP level 7. HP: 35/46 MP: 7/7
  4341 | D:5      | Reached skill level 5 in Shapeshifting
  4377 | D:5      | Identified the +8 chain mail of Catatonia {Fly Int+2
                  | Slay-6}
  4523 | D:6      | Reached XP level 8. HP: 53/54 MP: 8/8
  4588 | D:6      | Reached * piety under Cheibriados
  4735 | D:6      | Found a blossoming altar of Fedhas.
  4741 | D:6      | Found a white marble altar of Elyvilon.
  4870 | D:6      | Reached skill level 6 in Shapeshifting
  5032 | D:6      | Found an ornate altar of the Wu Jian Council.
  5484 | D:7      | Reached XP level 9. HP: 60/60 MP: 9/9
  5508 | D:7      | Reached skill level 5 in Unarmed Combat
  5511 | D:7      | Reached skill level 1 in Invocations
  5515 | D:7      | Reached skill level 5 in Fighting
  5515 | D:7      | Reached skill level 5 in Dodging
  5515 | D:7      | Reached ** piety under Cheibriados
  5836 | D:7      | Found a runed translucent door.
  5837 | D:7      | Noticed Crazy Yiuf
  6106 | D:7      | Found a shimmering blue altar of Sif Muna.
  6236 | D:8      | Noticed Maurice
  6246 | D:8      | Killed Maurice
  6268 | D:8      | Found a flagged portal.
  6320 | Bailey   | Entered a bailey
  6375 | Bailey   | Noticed an orc knight
  6375 | Bailey   | Noticed an orc knight
  6472 | Bailey   | Identified the +6 plate armour of Untruth {Int+7 Dex+4}
  6473 | Bailey   | Identified the +1 leather armour of the Unbroken {Rampage
                  | Str-3 Stlth+}
  6565 | Bailey   | Killed an orc knight
  6565 | Bailey   | Reached *** piety under Cheibriados
  6566 | Bailey   | Reached skill level 5 in Maces & Flails
  6566 | Bailey   | Reached skill level 7 in Shapeshifting
  6729 | Bailey   | Killed an orc knight
  6730 | Bailey   | Reached XP level 10. HP: 50/68 MP: 12/12
  7070 | D:8      | Noticed Erica
  7081 | D:8      | Killed Erica
  7092 | D:8      | Found a burning altar of Makhleb.
  7163 | D:8      | Noticed Grum
  7177 | D:8      | Killed Grum
  7285 | D:8      | Noticed an unseen horror
  7285 | D:8      | Noticed a cyclops
  7287 | D:8      | Noticed a centaur warrior
  7287 | D:8      | Noticed a red ugly thing
  7287 | D:8      | Noticed a two-headed ogre
  7291 | D:8      | Killed an unseen horror
  7295 | D:8      | Gained mutation: One of your tentacles bears a spike.
                  | [potion of mutation]
  7295 | D:8      | Gained mutation: You are dopey. (Int -2) [potion of
                  | mutation]
  7295 | D:8      | Gained mutation: You are partially covered in iridescent
                  | scales. (AC +2) [potion of mutation]
  7295 | D:8      | Noticed a four-headed hydra
  7296 | D:8      | Slain by a komodo dragon

Illustrated notes

Levels and vault maps discovered:
D:1:      sevenhm_arrival_forest_fort_small_3, layout_loops_corners
D:2:      layout_loops_ring, hellmonk_ecumenical_altar_inner_sanctum,
          nicolae_wormholes
D:3:      layout_basic, lemuel_tele_altar, gup_sewer_entry_pipe
D:4:      layout_gridville, trog_hazing_becter, temple_fountains
D:5:      layout_cave_pools, uniq_duvessa
D:6:      cheibrodos_steamvent, layout_loops_cross,
          mainiacjoe_overflow_large_starburst,
          nicolae_wu_jian_immortal_techniques
D:7:      layout_rooms, tgw_sif, kennysheep_generic_room_12,
          uniq_crazy_yiuf_cottage
D:8:      minmay_the_grid_four_pointed_star [minmay_the_grid_triangle_9x9_cache,
          minmay_the_grid_triangle_9x9_wacky_v,
          minmay_the_grid_triangle_9x9_alien,
          minmay_the_grid_triangle_9x9_dagger, minmay_the_grid_prize_big_room],
          layout_rooms, mainiacjoe_overflow_catwalk, lair_entry_dummy,
          serial_shops, shop, enter_bailey_8, uniq_grum, uniq_maurice,
          uniq_erica
Temple:   oiseaux_autumnal_temple

Skill      XL: |  1  2  3  4  5  6  7  8  9 10 |
---------------+-------------------------------+-----
Maces & Flails | 1 2 3 4 5 |  5.8
Unarmed Combat | 3 4 6 |  6.4
Dodging        | 3 4 5 6 |  6.3
Shapeshifting  | 4 5 6 7 |  7.8
Fighting       | 3 4 5 6 |  6.4
Invocations    | 3 4 |  4.3

Action                     |  1- 3 |  4- 6 |  7- 9 | 10-12 || total
---------------------------+-------+-------+-------+-------++-------
  Melee: Unarmed           |    55 |    15 |       |       ||    70
         Tentacles         |    10 |    14 |    37 |    12 ||    73
         Constrict         |    16 |    25 |    35 |     8 ||    84
         Mace              |    10 |    95 |   134 |    33 ||   272
         Punch             |       |     2 |     8 |     1 ||    11
  Throw: Javelin           |       |       |     4 |     1 ||     5
  Evoke: Wand              |       |       |     6 |       ||     6
    Use: Potion            |       |     1 |       |     3 ||     4
   Stab: Sleeping          |     7 |    11 |     5 |       ||    23
         Confused          |       |     3 |       |       ||     3
 Armour: Skin              |     6 |     9 |    14 |       ||    29
  Dodge: Dodged            |    27 |   113 |   157 |    60 ||   357

Table legend: (Time is in decaauts)
 A = Elapsed time spent in this place.
 B = Non-inter-level travel time spent in this place.
 C = Inter-level travel time spent in this place.
 D = Time resting spent in this place.
 E = Time spent auto-exploring this place.
 F = Levels seen in this place.
 G = Mean time per level.
                   A        B        C        D        E       F      G
               +--------+--------+--------+--------+--------+-----+--------+
         Total |   8196 |   7787 |    409 |    853 |   5245 |  11 |  745.1 |
       Dungeon |   7069 |   6695 |    374 |    569 |   4841 |   8 |  883.6 |
        Temple |     36 |      1 |     35 |      0 |      0 |   1 |   36.0 |
         Sewer |    237 |    237 |      0 |    109 |     94 |   1 |  237.0 |
        Bailey |    853 |    853 |      0 |    174 |    309 |   1 |  853.0 |
               +--------+--------+--------+--------+--------+-----+--------+

Top non-repeatable levels by time:
     D:7: 1207 daAuts
     D:4: 1205 daAuts
     D:1: 998 daAuts
     D:6: 992 daAuts
     D:3: 878 daAuts
  Bailey: 853 daAuts
     D:5: 718 daAuts
     D:2: 587 daAuts
     D:8: 481 daAuts
   Sewer: 237 daAuts
  Temple: 36 daAuts
